 Dungeon Crawl Stone Soup version 0.24-a0-615-g751f86b5a9 (webtiles) character file.

Game seed: 14296388206731539118, levelgen mode: deterministic

156 shyneko the Magician (level 5, -5/25 HPs)
             Began as a Spriggan Wanderer on Sept 13, 2019.
             Killed from afar by an orc wizard (6 damage)
             ... with a magic dart
             ... on level 3 of the Dungeon.
             The game lasted 00:27:07 (3313 turns).

shyneko the Magician (Spriggan Wanderer)            Turns: 3313, Time: 00:27:07

Health: -5/25      AC:  4    Str:  8    XL:     5   Next: 14%
Magic:  11/13      EV: 17    Int: 14    God:
Gold:   58         SH:  0    Dex: 16    Spells: 12/13 levels left

rFire    . . .     SeeInvis +   m - +4 quarterstaff (chaos)
rCold    . . .     Gourm    .   (shield currently unavailable)
rNeg     . . .     Faith    .   c - +0 robe
rPois    .         Spirit   .   (helmet restricted)
rElec    .         Reflect  .   n - +1 cloak
rCorr    .         Harm     .   (gloves unavailable)
MR       .....     Rnd*Rage +   (boots unavailable)
Stlth    ++........             e - amulet of regeneration
HPRegen  0.48/turn              (no ring)
MPRegen  0.13/turn              (no ring)

@: very slightly contaminated, very quick
A: very small, unfitting armour, see invisible, agile 1, berserk 1, herbivore,
speed 3, slow metabolism 2, weak 1
a: no special abilities


You were on level 3 of the Dungeon.
You were not hungry.

You visited 1 branch of the dungeon, and saw 3 of its levels.

You collected 58 gold pieces.

Inventory:

Hand Weapons
 a - a +2 falchion
 g - a +0 dagger of speed
 i - a +0 hunting sling
 m - a +4 quarterstaff of chaos (weapon)
Armour
 c - a +0 robe (worn)
 d - a +0 robe
 n - a +1 cloak (worn)
Jewellery
 e - an amulet of regeneration (around neck)
 j - a +5 amulet of reflection
 o - a +1 ring of evasion {unknown}
Scrolls
 l - 2 scrolls of fog {unknown}
Potions
 b - 2 potions of lignification
 h - a potion of haste
 k - a potion of brilliance {unknown}
Comestibles
 f - 5 rations


   Skills:
 + Level 1.4 Fighting
 + Level 1.4 Long Blades
 + Level 2.3 Dodging
 + Level 2.7 Stealth
   Level 1.0 Shields
 + Level 4.9 Spellcasting
 + Level 1.1 Conjurations
 + Level 0.7 Fire Magic
   Level 2.6 Air Magic


You had 12 spell levels left.
You knew the following spells:

 Your Spells              Type           Power        Failure   Level  Hunger
a - Flame Tongue          Conj/Fire      #....        12%         1    None

Your spell library contained the following spells:

 Spells                   Type           Power        Failure   Level  Hunger
 Ignite Poison            Fire/Tmut/Pois #.......     43%         3    ###....


Dungeon Overview and Level Annotations

Branches:
Dungeon (3/15)

Altars:


Innate Abilities, Weirdness & Mutations

You are very small and have problems with some larger weapons.
You are too small for most types of armour.
You have supernaturally acute eyesight. (SInv)
You are a herbivore.
You cover ground extremely quickly.
You need to consume almost no food.
You are agile. (Dex +2)
You tend to lose your temper in combat.
You are weak. (Str -2)


Message History

Aim: an orc priest, wielding a +0 dagger (heavily wounded)
You miscast Flame Tongue.
Nothing appears to happen.
The orc misses you.
The orc priest hits you with a +0 dagger.
The orc wizard closely misses you. The orc barely misses you.
Casting: Flame Tongue (safe; 12% risk of failure)
Confirm with . or Enter, or press ? or * to list all spells.
You don't know that spell.
Casting: Flame Tongue (safe; 12% risk of failure)
Confirm with . or Enter, or press ? or * to list all spells.
You don't know that spell.
You hit the orc wizard. You burn the orc wizard.
The orc wizard is almost dead.
The orc misses you.
The orc priest mumbles some strange prayers to Beogh against you.
Beogh smites you!
Ouch! That really hurt!
* * * LOW HITPOINT WARNING * * *
The orc wizard gestures at you while chanting.
The magic dart hits you.
You die...

#..#'##.#.#
#..#....#.######
#..#...........#
#..............#
##.#.####.###..#
#.#..###.##...#
#.##.#........#
.#.#o##.###
.#.#@o#.###. #
#oo......
##.##.### ... ..
.##.### .# # .#
.. ##


You could see an orc priest, an orc wizard and 2 orcs.

Vanquished Creatures
  Crazy Yiuf (D:2)
  Robin (D:2)
  2 adders (D:2)
  A shadow imp (D:2)
  2 oozes
  3 dart slugs
  2 leopard geckos
  10 bats
  6 giant cockroaches
  8 hobgoblins
  6 frilled lizards
  17 goblins
  8 kobolds
  10 rats
  A plant (D:2)
78 creatures vanquished.

Notes
Turn   | Place    | Note
-------+----------+-------------------------------------------
     0 | D:1      | shyneko the Spriggan Wanderer began the quest for the Orb.
     0 | D:1      | shyneko set off with the following items: a +2 falchion, a
                  | potion of lignification, a +0 robe, a ration; and the
                  | following spell memorised: Flame Tongue; and the following
                  | spells available to memorise: Ignite Poison
     0 | D:1      | Reached XP level 1. HP: 10/10 MP: 5/5
    61 | D:1      | Reached skill level 3 in Spellcasting
   373 | D:1      | Reached XP level 2. HP: 14/14 MP: 4/7
   797 | D:1      | Reached skill level 4 in Spellcasting
   802 | D:1      | Reached XP level 3. HP: 17/18 MP: 4/9
   817 | D:1      | Gained mutation: You tend to lose your temper in combat.
                  | [potion of mutation]
   817 | D:1      | Gained mutation: You are weak. (Str -2) [potion of
                  | mutation]
   817 | D:1      | Gained mutation: You are agile. (Dex +2) [potion of
                  | mutation]
  1425 | D:2      | Reached XP level 4. HP: 15/22 MP: 0/11
  1771 | D:2      | Noticed Robin
  1924 | D:2      | Killed Robin
  2379 | D:2      | Found a runed translucent door.
  2380 | D:2      | Noticed Crazy Yiuf
  2408 | D:2      | Killed Crazy Yiuf
  2408 | D:2      | Reached skill level 1 in Conjurations
  2682 | D:2      | Reached XP level 5. HP: 22/25 MP: 8/13
  3313 | D:3      | HP: 1/25 [orc priest/divine providence (15)]
  3313 | D:3      | Killed from afar by an orc wizard

Levels and vault maps discovered:
D:1:      minmay_arrival_hallway, layout_basic, minmay_worlds_worst_comb
D:2:      layout_basic, corexii_shack, uniq_crazy_yiuf_cottage, uniq_robin
D:3:      layout_basic, gammafunk_ghost_icy

Skill      XL: |  1  2  3  4 |
---------------+-------------+-----
Spellcasting   | 3 4 |  4.9
Stealth        | 2 |  2.7
Dodging        | 2 |  2.3
Conjurations   | 1 |  1.1
Fighting       | |  1.4
Long Blades    | |  1.4
Shields        | |  1.0
Fire Magic     | |  0.7
Air Magic      | |  2.6

Action                   |  1- 3 |  4- 6 || total
-------------------------+-------+-------++-------
Melee: Falchion          |    27 |    60 ||    87
       Quarterstaff      |       |     5 ||     5
 Cast: Flame Tongue      |    51 |    65 ||   116
  Use: Scroll            |     3 |     1 ||     4
       Potion            |     1 |       ||     1
Armor: Robe              |     6 |     7 ||    13
Dodge: Dodged            |    47 |    71 ||   118
       Rpst.: Falchion   |    19 |    12 ||    31

Table legend:
 A = Non-vault XP
 B = Vault XP
 C = Vault XP percentage of total XP
 D = Non-vault monster count
 E = Vault monster count
 F = Vault count percentage of total count
                 A         B        C        D         E       F
            +---------+---------+-------+---------+---------+-------
      Total |     139 |      84 |  37.7 |      59 |      18 |  23.4
            +---------+---------+-------+---------+---------+-------
        D:1 |      48 |       8 |  14.3 |      25 |       4 |  13.8
        D:2 |      80 |      76 |  48.7 |      26 |      14 |  35.0
        D:3 |      11 |       0 |   0.0 |       8 |       0 |   0.0
            +---------+---------+-------+---------+---------+-------
